 Dungeon Crawl Stone Soup version 0.30-a0-948-g4fa250aae5 (webtiles) character file.

Game seed: 6868354573702224431

701 DeathPants the Chopper (level 7, -3/38 HPs)
             Began as a Vine Stalker Fighter on Mar 26, 2023.
             Slain by an orc warrior
             ... wielding a +2 flail of protection
              (7 damage)
             ... on level 5 of the Dungeon.
             The game lasted 00:08:50 (3420 turns).

DeathPants the Chopper (Vine Stalker Fighter)       Turns: 3420, Time: 00:08:51

Health: -3/38      AC:  7    Str: 21      XL:     7   Next: 66%
Magic:  0/8        EV:  9    Int:  8      God:
Gold:   190        SH:  5    Dex: 12 (13) Spells: 6/6 levels left

rFire   . . .      SeeInvis .    a - +1 war axe
rCold   . . .      Faith    .    c - +0 buckler
rNeg    . . .      Spirit   +    b - +0 scale mail
rPois   .          Reflect  .    (no helmet)
rElec   .          Rampage  .    f - +0 cloak
rCorr   .                        (no gloves)
Will    .....                    (no boots) Stlth
                                 (no amulet)
HPRegen 1.06/turn                (no ring)
MPRegen 0.11/turn                (no ring)

@: no status effects
A: fangs 2, regeneration 1, magic shield, antimagic bite, no potion heal 2
a: no special abilities


You were on level 5 of the Dungeon.
You visited 1 branch of the dungeon, and saw 5 of its levels.

You collected 190 gold pieces.

Inventory:

Hand Weapons
 a - a +1 war axe (weapon)
Missiles
 h - 2 throwing nets
 i - 4 atropa-tipped darts (quivered)
 k - 4 poisoned darts
Armour
 b - a +0 scale mail (worn)
 c - a +0 buckler (worn)
 f - a +0 cloak (worn)
Wands
 w - a wand of paralysis (10)
Scrolls
 d - 2 scrolls of identify
 g - 5 scrolls of teleportation
 l - a scroll of poison
Potions
 e - 2 potions of attraction {unknown}
 j - a potion of invisibility {unknown}
 o - a potion of cancellation
 q - a potion of resistance
 r - 3 potions of curing
 u - a potion of mutation {unknown}
 v - a potion of berserk rage {unknown}


   Skills:
 + Level 4.5 Fighting
 * Level 5.5 Axes
 - Level 2.4 Armour
 + Level 4.5 Shields


You had 6 spell levels left.
You didn't know any spells.
Your spell library contained the following spells:

 Spells                   Type           Power      Damage    Failure   Level
 Beastly Appendage        Tmut           0%         N/A       83%         1
 Cigotuvi's Dreadful Rot  Necr/Pois/Air  0%         N/A       93%         2
 Poisonous Vapours        Pois/Air       0%         N/A       93%         2
 Wereblood                Tmut           0%         N/A       93%         2
 Mephitic Cloud           Conj/Pois/Air  0%         N/A       99%         3
 Spider Form              Tmut/Pois      0%         N/A       99%         3


Dungeon Overview and Level Annotations

Branches:
Dungeon (5/15)
 Temple: D:4-7

Altars:
Nemelex Xobeh
The Shining One


Innate Abilities, Weirdness & Mutations

You have extremely sharp teeth.
Your natural rate of healing is unusually fast.
When hurt, damage is shared between your health and your magic reserves.
Your bite disrupts and absorbs the magic of your enemies.
Potions cannot restore your health.


Message History

An orc warrior comes into view.
It is wielding a +2 flail of protection.
You barely miss the orc priest.
The orc priest is moderately wounded.
You block the orc priest's attack.
You hit the orc priest. Your bite misses the orc priest.
The orc priest is moderately wounded.
The orc priest mumbles some strange prayers to Beogh against you.
Beogh smites you!
An orc comes into view. It is wielding a +0 mace.
You completely miss the orc priest.
The orc priest is moderately wounded.
The orc priest hits you but does no damage. x2
You hit the orc priest. You bite the orc priest. You drain its power.
You feel invigorated.
The orc priest is almost dead.
The orc priest closely misses you.
You barely miss the orc priest. You bite the orc priest. You drain its power.
The orc priest is almost dead.
The orc priest calls down the wrath of Beogh upon you.
You resist with significant effort.
You barely miss the orc priest.
The orc priest is almost dead.
The orc priest calls down the wrath of Beogh upon you.
Beogh smites you!
You closely miss the orc warrior. Your bite misses the orc warrior.
The orc priest invokes the aid of Beogh against you.
Beogh smites you! The orc warrior closely misses you.
You closely miss the orc warrior. Your bite misses the orc warrior.
The orc warrior hits you with a +2 flail of protection.
You slash the orc warrior!
The orc warrior is moderately wounded.
The orc priest looks encouraged for a moment.
The orc warrior barely misses you.
You closely miss the orc warrior. Your bite misses the orc warrior.
The orc warrior is moderately wounded.
The orc warrior hits you with a +2 flail of protection!
* * * LOW HITPOINT WARNING * * *
The orc priest looks braver for a moment.
The orc warrior hits you with a +2 flail of protection!
You die...

#..# #.##..# # .#
#.##..# #. .# #.##..#
#. .# #.##..# #.##.#
#.##..# ########o...#
#.##..###....@oo{o..#
#.##......########.##
#....###### #<#
####.#### #)# .....#
#)# ####.# #.# ####.#
#.# ..##.# #.# #.##.#
#.#


You could see an orc warrior, an orc priest and 2 orcs.

Vanquished Creatures
  Eustachio (D:4)
  A water moccasin (D:3)
  A black bear (D:3)
  An ice beast (D:5)
  Crazy Yiuf (D:3)
  Natasha (thrice) (D:3)
  Jessica (D:2)
  4 gnolls
  3 adders
  6 dart slugs
  2 worms
  6 orcs
  5 bats
  8 endoplasms
  A giant cockroach (D:1)
  12 goblins
  7 hobgoblins
  2 jackals (D:4)
  2 kobolds
  7 quokkas
  4 ball pythons
  3 frilled lizards
  6 rats
87 creatures vanquished.

Vanquished Creatures (others)
  2 plants (D:2)
2 creatures vanquished.

Grand Total: 89 creatures vanquished

Notes
Turn   | Place    | Note
-------+----------+-------------------------------------------
     0 | D:1      | DeathPants the Vine Stalker Fighter began the quest for the
                  | Orb.
     0 | D:1      | Reached XP level 1. HP: 11/11 MP: 2/2
   113 | D:1      | Reached skill level 2 in Axes
   118 | D:1      | Reached XP level 2. HP: 3/16 MP: 3/3
   264 | D:2      | Reached XP level 3. HP: 20/20 MP: 4/4
   805 | D:2      | Gained mutation: Your natural rate of healing is unusually
                  | fast. [Vine Stalker growth]
   805 | D:2      | Reached XP level 4. HP: 24/24 MP: 5/5
   891 | D:2      | Reached skill level 3 in Axes
   974 | D:3      | Noticed a black bear
  1086 | D:2      | Noticed Jessica
  1091 | D:2      | Killed Jessica
  1315 | D:2      | Found a faded altar of an unknown god.
  1345 | D:2      | Reached XP level 5. HP: 28/28 MP: 6/6
  1559 | D:3      | Killed a black bear
  1560 | D:3      | Reached skill level 4 in Axes
  1580 | D:3      | Reached XP level 6. HP: 33/33 MP: 7/7
  1741 | D:3      | Noticed Natasha
  1753 | D:3      | Killed Natasha
  1830 | D:3      | Noticed Natasha
  1841 | D:3      | Killed Natasha
  1875 | D:3      | Noticed Natasha
  1884 | D:3      | Killed Natasha
  1978 | D:3      | Noticed a water moccasin
  1989 | D:3      | Killed a water moccasin
  2319 | D:3      | Found a runed translucent door.
  2320 | D:3      | Noticed Crazy Yiuf
  2325 | D:3      | Killed Crazy Yiuf
  2326 | D:3      | Reached XP level 7. HP: 36/37 MP: 6/8
  2540 | D:4      | Noticed Eustachio
  2592 | D:4      | Killed Eustachio
  2593 | D:4      | Reached skill level 5 in Axes
  2778 | D:5      | Entered Level 5 of the Dungeon
  2886 | D:4      | Found a sparkling altar of Nemelex Xobeh.
  3170 | D:4      | Found a glowing golden altar of the Shining One.
  3420 | D:5      | Slain by an orc warrior

Illustrated notes

Levels and vault maps discovered:
D:1:      co_arrival_square_in_a_square_in_a_square, layout_loops_ring,
          st_stairs_14, minmay_misc_feat_diagonals
D:2:      kennysheep_the_goblin_king, layout_basic, serial_forest,
          infiniplex_forest_clump_tiny, infiniplex_forest_clump_small,
          infiniplex_forest_lined_2, infiniplex_forest_straight_3,
          infiniplex_forest_zigzag_1, infiniplex_forest_clump_long,
          infiniplex_forest_zigzag_1, infiniplex_forest_lined_3_way,
          basic_ecumenical_altar, uniq_jessica
D:3:      layout_basic, serial_glass, glass_columns_a, glass_columns_b,
          uniq_crazy_yiuf_cottage, uniq_natasha
D:4:      layout_cave_pods, old_standard_altar, tso_oasis_becter, uniq_eustachio
D:5:      layout_loops_ring

Skill      XL: |  1  2  3  4  5  6  7 |
---------------+----------------------+-----
Axes           | 2 3 4 5 |  5.5
Fighting       | 3 4 |  4.5
Shields        | 3 4 |  4.5
Armour         | |  2.4

Action                     |  1- 3 |  4- 6 |  7- 9 || total
---------------------------+-------+-------+-------++-------
  Melee: War axe           |    81 |   104 |    60 ||   245
         Bite              |    13 |    24 |    15 ||    52
  Throw: Dart              |       |     4 |       ||     4
    Use: Potion            |       |     2 |     2 ||     4
         Scroll            |       |    13 |       ||    13
 Armour: Scale mail        |    39 |    35 |    40 ||   114
  Dodge: Dodged            |    49 |    49 |    41 ||   139
  Block: Buckler           |    22 |    22 |    17 ||    61

Table legend: (Time is in decaauts)
 A = Elapsed time spent in this place.
 B = Non-inter-level travel time spent in this place.
 C = Inter-level travel time spent in this place.
 D = Time resting spent in this place.
 E = Time spent auto-exploring this place.
 F = Levels seen in this place.
 G = Mean time per level.
                   A        B        C        D        E       F      G
               +--------+--------+--------+--------+--------+-----+--------+
         Total |   3521 |   3418 |    103 |    158 |   2265 |   5 |  704.2 |
       Dungeon |   3521 |   3418 |    103 |    158 |   2265 |   5 |  704.2 |
               +--------+--------+--------+--------+--------+-----+--------+

Top non-repeatable levels by time:
     D:3: 1023 daAuts
     D:4: 838 daAuts
     D:1: 793 daAuts
     D:2: 754 daAuts
     D:5: 111 daAuts
